 Dungeon Crawl Stone Soup version 0.20.1-1-g8b1a95d (webtiles) character file.

12174 Monsterracer the Basher (level 11, -4/153 HPs)
             Began as a Tengu Fighter on July 13, 2017.
             Was a Believer of Fedhas.
             Slain by an ice devil (15 damage)
             ... in an ice cave.
             The game lasted 00:29:44 (9887 turns).

Monsterracer the Basher (Tengu Fighter)             Turns: 9887, Time: 00:29:45

Health: -4/153     AC: 25    Str: 25    XL:     11   Next: 89%
Magic:  0/10       EV:  2    Int:  8    God:    Fedhas [**....]
Gold:   265        SH: 12    Dex: 16    Spells: 10/10 levels left

rFire    + . .     SeeInvis .   a - +2 whip (elec)
rCold    . . .     Gourm    .   c - +0 shield
rNeg     + + +     Faith    .   (armour currently unavailable)
rPois    +         Spirit   +   (helmet currently unavailable)
rElec    .         Reflect  .   (cloak currently unavailable)
rCorr    .         Harm     .   (gloves currently unavailable)
MR       .....     NoTele   +   (boots unavailable)
Stlth    ..........             y - amulet of guardian spirit
Regen    0.4/turn               i - ring of protection from fire
MPRegen  0.2/turn               (no ring)

@: berserking (expiring), tree-form (expiring), very quick
A: low mp 1, strong 1, able to fly 1
a: Fly, Fungal Bloom, Evolution, Sunlight, Renounce Religion


You were in an ice cave.
You worshipped Fedhas.
Fedhas was pleased with you.
You were not hungry.
You were a tree.
You visited 3 branches of the dungeon, and saw 12 of its levels.
You also visited: Ice Cave.

You collected 685 gold pieces.
You spent 420 gold pieces at shops.

Inventory:

Hand Weapons
 a - a +2 whip of electrocution (weapon)
 b - a +0 flail
Armour
 c - a +0 shield (worn)
 e - a +1 pair of gloves (melded)
 C - a +0 plate armour (melded)
 D - a +1 cloak (melded)
Jewellery
 i - a ring of protection from fire (left branch)
 p - an uncursed amulet of the gourmand
 y - an amulet of guardian spirit (around neck)
Wands
 l - a wand of digging (24/24)
 q - a wand of paralysis (6/24)
 F - a wand of acid (4/15)
Scrolls
 h - 8 scrolls of identify
 k - 4 scrolls of enchant weapon
 s - a scroll of magic mapping
 w - a scroll of amnesia
 z - 2 scrolls of teleportation
 B - a scroll of fear
 G - a scroll of recharging
Potions
 d - 5 potions of might
 g - 5 potions of heal wounds
 m - 2 potions of mutation
 n - 2 potions of brilliance
 t - a potion of lignification
 v - 3 potions of curing
 x - a potion of agility
 E - a potion of haste
 H - a potion of flight
Books
 r - a Necronomicon

   Spells                             Type                      Level
   a - Haunt                          Necromancy/Summoning         7
   b - Borgnjor's Revivification      Necromancy                   8
   c - Death's Door                   Charms/Necromancy            8
   d - Infestation                    Necromancy                   8
   e - Necromutation                  Transmutation/Necromancy     8
Comestibles
 f - 8 bread rations
 j - 4 meat rations
 o - 2 royal jellies
 A - 10 fruits


   Skills:
 * Level 8.0 Fighting
 + Level 12.2 Maces & Flails
 + Level 9.0 Armour
 + Level 8.2 Dodging
 + Level 8.0 Shields


You had 10 spell levels left.
You didn't know any spells.

Dungeon Overview and Level Annotations

Branches:
Dungeon (10/15)            Temple (1/1) D:5            Lair (1/6) D:8
    Orc: D:9-12

Altars:
Ashenzari
Cheibriados
Dithmenos
Elyvilon
Fedhas
Gozag
Hepliaklqana
Kikubaaqudgha
Makhleb
Nemelex Xobeh
Okawaru
Qazlal
Ru
Sif Muna
Trog
Uskayaw
Vehumet
Xom
Yredelemnul
Zin
The Shining One

Shops:
D:8 !

Annotations:
D:5 Menkaure


Innate Abilities, Weirdness & Mutations

((You have a beak for a mouth.))
((You have claws for feet.))
You can fly.
Your magical capacity is low. (-10% MP)
Your muscles are strong. (Str +2)


Message History

Huge Dmg: -9%(-13hp) hp: 22%(33hp)
You hit the ice devil.
The ice devil is almost dead.
You thrash the ice devil!!
You kill the ice devil!
Your Armour skill increases to level 9!
You block the ice devil's attack.
You barely miss the ice devil. The ice devil hits you.
* * * LOW HITPOINT WARNING * * *
The ice devil freezes you!
* * * LOW MAGIC WARNING * * *;
* * * LOW HITPOINT WARNING * * *
Huge Dmg: -10%(-15hp) hp: 12%(18hp)
You closely miss the ice devil. You barely miss the ice devil.
You block the ice devil's attack. The ice devil hits you!
* * * LOW HITPOINT WARNING * * *
The ice devil freezes you!
* * * LOW MAGIC WARNING * * *
You die...
Fedhas appreciates your contribution to the ecosystem.

#### .
##..###### ...
##....##..##....
#........4......
#..∩∩...♣4......
#.......##......
##....### #....
##..## ... ####
.


You could see 2 ice devils.

Vanquished Creatures
  The ghost of Nahar the Blocker, a journeyman DDFi of the Shining One (IceCv)
  3 two-headed ogres
  Urug (D:10)
  An unseen horror (D:10)
  The ghost of Dyss the Firebug, a novice TeFE of Vehumet (D:6)
  2 spiny frogs (Lair:1)
  An ice devil (IceCv)
  A troll (D:10)
  2 hippogriffs
  A spriggan (D:8)
  9 yaks
  Grum (D:8)
  Eustachio (D:5)
  3 wargs
  A hungry ghost (D:5)
  2 porcupines (Lair:1)
  3 phantoms
  A sky beast (D:8)
  6 ice beasts
  6 ogres
  4 wolves
  2 crocodiles (Lair:1)
  2 centaurs (D:10)
  3 bullfrogs
  A big kobold (D:10)
  A wyvern skeleton (D:9)
  3 scorpions
  A howler monkey (D:4)
  3 crimson imps
  2 bullfrog skeletons
  6 hounds
  3 jellies
  4 orc priests
  12 orc wizards
  4 iguanas
  3 centaur skeletons
  Terence (D:2)
  6 worker ants
  A killer bee zombie (D:10)
  The ghost of StormFighter the Chopper, a weakling GrBe of Trog (D:4)
  3 gnolls
  6 adders
  2 shadow imps
  An ooze (D:5)
  An adder zombie (D:5)
  2 worms
  4 dart slugs
  4 leopard geckos
  27 orcs
  A giant cockroach (D:4)
  7 goblins
  6 hobgoblins
  12 jackals
  A quokka (D:10)
  A ball python (D:2)
  7 bats
  8 frilled lizards
  5 kobolds
  A quokka zombie (D:6)
  9 rats
218 creatures vanquished.

Vanquished Creatures (collateral kills)
  Psyche (D:8)
  A troll (D:9)
  3 ice beasts (Lair:1)
  An orc warrior (D:10)
  A crimson imp (D:10)
  A shadow imp (D:10)
8 creatures vanquished.

Vanquished Creatures (others)
  4 wandering mushrooms
  72 toadstools
76 creatures vanquished.

Grand Total: 302 creatures vanquished

Notes
Turn   | Place    | Note
-------+----------+-------------------------------------------
     0 | D:1      | Monsterracer the Tengu Fighter began the quest for the Orb.
     0 | D:1      | Reached XP level 1. HP: 14/14 MP: 2/2
   169 | D:1      | Reached XP level 2. HP: 18/19 MP: 3/3
   170 | D:1      | Reached skill level 3 in Maces & Flails
   833 | D:1      | Reached XP level 3. HP: 23/23 MP: 4/4
  1101 | D:2      | Noticed Terence
  1111 | D:2      | Killed Terence
  1111 | D:2      | Reached skill level 4 in Maces & Flails
  1207 | D:2      | Reached XP level 4. HP: 28/28 MP: 5/5
  1461 | D:2      | Found a faded altar of an unknown god.
  1597 | D:3      | Reached skill level 5 in Maces & Flails
  2065 | D:3      | Gained mutation: You can fly. [Tengu growth]
  2065 | D:3      | Reached XP level 5. HP: 31/32 MP: 6/6
  2080 | D:3      | Reached skill level 1 in Dodging
  2235 | D:4      | Noticed StormFighter's ghost (weakling GrBe)
  2253 | D:4      | Gained mutation: Your magical capacity is low. (-10% MP) [potion of mutation]
  2253 | D:4      | Gained mutation: Your muscles are strong. (Str +2) [potion of mutation]
  2260 | D:4      | Killed StormFighter's ghost
  2303 | D:4      | Noticed an ogre
  2317 | D:4      | Killed an ogre
  2317 | D:4      | Reached XP level 6. HP: 27/37 MP: 2/6
  2884 | D:4      | Reached skill level 6 in Maces & Flails
  2924 | D:4      | Reached XP level 7. HP: 38/41 MP: 7/7
  3484 | D:5      | Entered Level 5 of the Dungeon
  3686 | D:5      | Reached skill level 7 in Maces & Flails
  3727 | D:5      | Reached XP level 8. HP: 46/48 MP: 6/8
  3936 | D:5      | Paralysed by fainting for 6 turns
  3942 | D:5      | Paralysed by fainting for 5 turns
  3947 | D:5      | Reached skill level 5 in Armour
  4026 | D:5      | Found a staircase to the Ecumenical Temple.
  4039 | Temple   | Entered the Ecumenical Temple
  4054 | Temple   | Became a worshipper of Fedhas Madash
  4271 | D:5      | Noticed Menkaure
  4551 | D:5      | Noticed Eustachio
  4559 | D:5      | Killed Eustachio
  5006 | D:6      | Noticed Dyss's ghost (novice TeFE)
  5067 | D:6      | Killed Dyss's ghost
  5067 | D:6      | Reached skill level 8 in Maces & Flails
  5067 | D:6      | Reached skill level 5 in Shields
  5116 | D:6      | Reached XP level 9. HP: 53/53 MP: 9/9
  5319 | D:6      | Reached skill level 5 in Fighting
  6205 | D:8      | Reached skill level 9 in Maces & Flails
  6210 | D:8      | Noticed Grum
  6234 | D:7      | Reached skill level 5 in Dodging
  6470 | D:8      | Reached * piety under Fedhas
  6545 | D:8      | Noticed Psyche
  6677 | D:8      | Noticed a two-headed ogre
  6690 | D:8      | Killed a two-headed ogre
  6699 | D:8      | Reached XP level 10. HP: 60/60 MP: 10/10
  6700 | D:8      | Reached skill level 10 in Maces & Flails
  6724 | D:8      | Killed Psyche
  6777 | D:8      | Killed Grum
  6981 | D:8      | Found a staircase to the Lair.
  7445 | D:8      | Found Cigeuju's Distillery.
  7451 | D:8      | Bought a potion of haste for 150 gold pieces
  7451 | D:8      | Bought 2 potions of heal wounds for 150 gold pieces
  7451 | D:8      | Bought a potion of might for 60 gold pieces
  7451 | D:8      | Bought a potion of might for 60 gold pieces
  7886 | D:9      | Reached skill level 11 in Maces & Flails
  8196 | D:9      | Noticed a two-headed ogre
  8216 | D:9      | Killed a two-headed ogre
  8318 | D:10     | Entered Level 10 of the Dungeon
  8335 | D:10     | Found Bota's Armour Shoppe.
  8442 | D:10     | Noticed a two-headed ogre
  8450 | D:10     | Killed a two-headed ogre
  8450 | D:10     | Reached XP level 11. HP: 35/66 MP: 5/10
  8749 | D:10     | Killed an unseen horror
  8900 | D:10     | Noticed Urug
  8914 | D:10     | Killed Urug
  9395 | D:10     | Reached ** piety under Fedhas
  9482 | Lair:1   | Entered Level 1 of the Lair of Beasts
  9513 | Lair:1   | Reached skill level 12 in Maces & Flails
  9722 | Lair:1   | Found a frozen archway.
  9826 | IceCv    | Entered an ice cave
  9829 | IceCv    | Noticed Nahar's ghost (journeyman DDFi)
  9877 | IceCv    | Killed Nahar's ghost
  9887 | IceCv    | Slain by an ice devil

Skill      XL: |  1  2  3  4  5  6  7  8  9 10 11 |
---------------+----------------------------------+-----
Maces & Flails | 3 4 5 6 7 8 9 11 12 | 12.2
Dodging        | 1 2 3 4 5 7 8 |  8.2
Armour         | 4 5 6 7 9 |  9.0
Shields        | 4 5 6 7 8 |  8.0
Fighting       | 4 5 6 8 |  8.0

Action                   |  1- 3 |  4- 6 |  7- 9 | 10-12 || total
-------------------------+-------+-------+-------+-------++-------
Melee: Flail             |    54 |   111 |   146 |       ||   311
       Kick              |    16 |    26 |    78 |   113 ||   233
       Peck              |     8 |    17 |    39 |    57 ||   121
       Whip              |       |       |   100 |   367 ||   467
Invok: Fungal Bloom      |       |       |     8 |    27 ||    35
       Evolution         |       |       |     1 |     4 ||     5
 Abil: Fly               |       |       |     6 |     1 ||     7
  Use: Potion            |       |     7 |     2 |     4 ||    13
       Scroll            |       |     7 |     7 |     4 ||    18
 Stab: Distracted        |       |       |       |     1 ||     1
  Eat: Chunk             |       |     6 |    12 |    10 ||    28
       Bread ration      |       |       |     2 |       ||     2
       Fruit             |       |       |     2 |       ||     2
Armor: Scale mail        |    13 |       |       |       ||    13
       Chain mail        |     1 |    59 |    81 |       ||   141
       Skin              |       |     1 |       |    23 ||    24
       Plate armour      |       |       |       |    88 ||    88
Dodge: Dodged            |    13 |    14 |    51 |    57 ||   135
Block: Shield            |    28 |    42 |    84 |   115 ||   269
